 Dungeon Crawl Stone Soup version 0.31-a0-819-gf6de2f5ab6 (webtiles) character file.

Game seed: 7365314825304250461

312 qw the Shooter (level 6, -1/39 HPs)
             Began as a Gargoyle Hunter on Sept 23, 2023.
             Slain by an orc wizard
             ... wielding a +0 dagger
              (4 damage)
             ... on level 4 of the Dungeon.
             The game lasted 00:00:58 (2068 turns).

qw the Shooter (Gargoyle Hunter)                    Turns: 2068, Time: 00:00:59

Health: -1/39      AC:  9    Str: 14    XL:     6   Next: 42%
Magic:  6/6        EV: 10    Int: 10    God:
Gold:   175        SH:  0    Dex: 15    Spells: 5/5 levels left

rFire   . . .        n - +0 arbalest
rCold   . . .        (shield currently unavailable)
rNeg    + . .        h - +0 ring mail
rPois   inf          (no helmet)
rElec   +            (no cloak)
rCorr   .            (no gloves)
SInv    .            (no boots)
Will    .....        (no amulet) Stlth
                     (no ring)
HPRegen 0.26/turn    (no ring)
MPRegen 0.10/turn

%: no passive effects
@: confused
A: sickness immunity, AC +4, negative energy resistance 1, electricity
resistance, torment resistance 1, petrification resistance
a: no special abilities


You were on level 4 of the Dungeon.
You visited 1 branch of the dungeon, and saw 4 of its levels.

You collected 175 gold pieces.


Innate Abilities, Weirdness & Mutations

You are immune to sickness and miasma.
Your stone body is resilient. (AC +4)
You are immune to poison.
You resist negative energy. (rN+)
You are resistant to electric shocks. (rElec)
You are resistant to unholy torment.
You are immune to petrification.


   Skills:
 - Level 4.4 Fighting
 + Level 6.4 Ranged Weapons
 - Level 1.2 Armour
 - Level 1.5 Dodging
 - Level 1.1 Stealth


You had 5 spell levels left.
You didn't know any spells.
Your spell library was empty.

Inventory:

Hand Weapons
 n - a +0 arbalest (weapon)
Armour
 h - a +0 ring mail (worn)
Scrolls
 a - 5 scrolls of teleportation
 b - a scroll of noise {unknown}
 c - a scroll of enchant weapon {unknown}
 f - 2 scrolls of fear {unknown}
 g - 3 scrolls of identify
 m - a scroll of poison {unknown}
Potions
 d - a potion of lignification {unknown}
 e - a potion of magic {unknown}
 i - a potion of resistance {unknown}
 k - 2 potions of heal wounds {unknown}
 l - a potion of curing {unknown}

Dungeon Overview and Level Annotations

Branches:
Dungeon (4/15)
 Temple: D:4-7

Altars:

Shops:
D:1 (

Portals:
Ossuary: D:4


Message History

You shoot a bolt. Something hits you but does no damage.
You hear some strange, mumbled words.
Something tries to affect you, but you resist.
Something hits you but does no damage.
You hear some strange, mumbled words.
You are confused.
You shoot a bolt. Something hits you but does no damage.
You hear some strange, mumbled words.
Something tries to affect you, but you resist.
You shoot a bolt. Something hits you but does no damage. Something hits you.
Something hits you but does no damage. x2
You shoot a bolt.
Something hits you. x3; Something hits you but does no damage.
You shoot a bolt.
You feel less confused. Something hits you.
You hear some strange, mumbled words.
Something tries to affect you, but you resist.
You shoot a bolt.
You hear some strange, mumbled words.
A magic dart appears from out of thin air!
The magic dart hits you.
You hear some strange, mumbled words.
You are confused.
Something hits you. Something hits you but does no damage.
You shoot a bolt. Something hits you but does no damage.
You hear some strange, mumbled words.
You are more confused.
Something hits you. Something hits you but does no damage.
You shoot a bolt.
Something hits you but does no damage. x2
You shoot a bolt.
An orc wizard appears from thin air!
Reactivating autopickup.
Something hits you.
You die...

#...#. .. ...
....###..... .. ..#
............ ##'
#.##.........##. #..
#.......##.. ## +.\
#.......##.. # ..#..
#..........# #
#..##{##..........#
#....o@......>....# #
#.................# ##
#..................####.
...................#....
........................
........................
#.................##...#
#......../......<.###..#
................# #..#


You could see an orc wizard.

Vanquished Creatures
  A black bear (D:4)
  A hound (D:4)
  An orc wizard (D:4)
  An iguana (D:4)
  7 adders
  A worm (D:2)
  A dart slug (D:4)
  An orc (D:4)
  7 bats
  8 endoplasms
  2 giant cockroaches (D:1)
  4 hobgoblins
  7 jackals
  6 kobolds
  A quokka (D:3)
  6 ball pythons
  6 frilled lizards
  6 goblins
  8 rats
75 creatures vanquished.

Notes
Turn   | Place    | Note
-------+----------+-------------------------------------------
     0 | D:1      | qw the Gargoyle Hunter began the quest for the Orb.
     0 | D:1      | Reached XP level 1. HP: 12/12 MP: 1/1
     0 | D:1      | 0 ||| qw: Version: 0.3-a-83-gcd0e7d8
     0 | D:1      | 0 ||| qw: Game counter: 1437
     0 | D:1      | 0 ||| qw: Melee chars always use a shield: true
     0 | D:1      | 0 ||| qw: God list: Okawaru
     0 | D:1      | 0 ||| qw: Allow faded altars: false
     0 | D:1      | 0 ||| qw: Do Orc after clearing Dungeon:15 true
     0 | D:1      | 0 ||| qw: Do second Lair branch before Depths: true
     0 | D:1      | 0 ||| qw: Lair rune preference: random
     0 | D:1      | 0 ||| qw: Goals: Normal
     0 | D:1      | 0 ||| PLANNING D:1-11
    44 | D:1      | Reached XP level 2. HP: 17/17 MP: 2/2
   248 | D:1      | Reached XP level 3. HP: 21/21 MP: 3/3
   274 | D:1      | Reached skill level 5 in Ranged Weapons
   324 | D:1      | Found Kude's Weapon Emporium.
   528 | D:1      | 528 ||| UPGRADING to +0 ring mail.
   538 | D:1      | 538 ||| DROPPING +0 leather armour.
   539 | D:1      | 539 ||| READING 4 scrolls labelled CARYFO AHUBE.
   543 | D:1      | 543 ||| DRINKING 2 glowing amethyst potions.
   548 | D:1      | 548 ||| DRINKING 3 brown potions.
   549 | D:1      | 549 ||| DROPPING scroll of butterflies.
   550 | D:1      | 550 ||| DROPPING potion of ambrosia.
   551 | D:1      | 551 ||| DROPPING 2 potions of brilliance.
   630 | D:2      | Reached skill level 1 in Armour
   741 | D:2      | Reached XP level 4. HP: 26/27 MP: 4/4
   803 | D:2      | Reached skill level 3 in Fighting
  1022 | D:2      | 1022 ||| READING scroll labelled SETAFRAKISOS.
  1023 | D:2      | 1023 ||| READING scroll labelled UZEYZU PUROV.
  1082 | D:3      | Identified the +11 falchion "Teetu" {protect, Str+3 Int+7
                  | Dex-3 Stlth+}
  1353 | D:3      | 1353 ||| SWAPPING to +0 orcbow.
  1355 | D:3      | 1355 ||| DROPPING +0 shortbow.
  1605 | D:3      | You fall into a shaft and drop 1 floor!
  1621 | D:4      | 1621 ||| PLANNING OSSUARY
  1631 | D:4      | Reached XP level 5. HP: 32/32 MP: 5/5
  1786 | D:4      | Reached skill level 6 in Ranged Weapons
  1830 | D:4      | 1830 ||| SWAPPING to +0 arbalest.
  1831 | D:4      | 1831 ||| DROPPING +0 orcbow.
  1845 | D:4      | Noticed a black bear
  1849 | D:4      | Killed a black bear
  1850 | D:4      | Reached XP level 6. HP: 36/39 MP: 6/6
  2041 | D:4      | Found a sand-covered staircase.
  2064 | D:4      | HP: 7/39 [something (3)]
  2066 | D:4      | HP: 2/39 [something (2)]
  2068 | D:4      | Slain by an orc wizard

Levels and vault maps discovered:
D:1:      onia_arrival_pentagram, layout_basic, serial_shops, shop
D:2:      layout_rooms
D:3:      layout_basic
D:4:      layout_layer_cave, enter_ossuary_2, hangedman_abyss_or_decor_stagger,
          minmay_misc_feat_rows, eino_curves_03, uniq_crazy_yiuf_cottage

Skill      XL: |  1  2  3  4  5 |
---------------+----------------+-----
Ranged Weapons | 5 6 |  6.4
Armour         | 1 |  1.2
Fighting       | 3 4 |  4.4
Dodging        | |  1.5
Stealth        | |  1.1

Action                     |  1- 3 |  4- 6 || total
---------------------------+-------+-------++-------
   Fire: Shortbow          |   109 |    24 ||   133
         Orcbow            |       |    64 ||    64
         Arbalest          |       |    30 ||    30
    Use: Potion            |     2 |       ||     2
         Scroll            |     1 |     2 ||     3
 Armour: Leather armour    |    13 |       ||    13
         Ring mail         |    16 |    66 ||    82
  Dodge: Dodged            |    34 |    28 ||    62

Table legend:
 A = Non-vault XP
 B = Vault XP
 C = Vault XP percentage of total XP
 D = Non-vault monster count
 E = Vault monster count
 F = Vault count percentage of total count
                 A         B        C        D         E       F
            +---------+---------+-------+---------+---------+-------
      Total |     446 |       0 |   0.0 |      75 |       0 |   0.0
            +---------+---------+-------+---------+---------+-------
        D:1 |      43 |       0 |   0.0 |      28 |       0 |   0.0
        D:2 |      49 |       0 |   0.0 |      15 |       0 |   0.0
        D:3 |      57 |       0 |   0.0 |      19 |       0 |   0.0
        D:4 |     297 |       0 |   0.0 |      13 |       0 |   0.0
            +---------+---------+-------+---------+---------+-------
